 Dungeon Crawl Stone Soup version 0.25.1-2-g60ff931df9 (webtiles) character file.

Game seed: 16983552862691901396

3947 hehateme the Carver (level 10, -11/86 HPs)
             Began as a Minotaur Berserker on Oct 5, 2020.
             Was an Elder of Trog.
             Mangled by a two-headed ogre
             ... wielding a +0 giant club
              (12 damage)
             ... on level 12 of the Dungeon.
             The game lasted 00:36:12 (8857 turns).

hehateme the Carver (Minotaur Berserker)            Turns: 8857, Time: 00:36:12

Health: -11/86     AC: 13    Str: 23    XL:     10   Next: 2%
Magic:  9/9        EV:  9    Int:  4    God:    Trog [****..]
Gold:   244        SH: 10    Dex: 12    Spells: 9/9 levels left

rFire    . . .     SeeInvis .   a - +0 falchion
rCold    . . .     Gourm    .   D - +0 kite shield
rNeg     + + +     Faith    .   y - +0 chain mail
rPois    .         Spirit   .   (helmet restricted)
rElec    .         Reflect  .   (no cloak)
rCorr    .         Harm     .   l - +0 pair of gloves
MR       .....                  x - +0 pair of boots of Gupi {rN+++ Stlth-} (curse)
Stlth    ..........             (no amulet)
HPRegen  0.24/turn              (no ring)
MPRegen  0.11/turn              (no ring)

@: barbed spikes
A: retaliatory headbutt, horns 2
a: Berserk, Trog's Hand, Brothers in Arms, Renounce Religion


You were on level 12 of the Dungeon.
You worshipped Trog.
Trog was greatly pleased with you.
You were not hungry.

You visited 1 branch of the dungeon, and saw 10 of its levels.

You collected 439 gold pieces.
You spent 195 gold pieces at shops.

Inventory:

Hand Weapons
 a - a +0 falchion (weapon)
 o - a +0 hunting sling
 A - a +0 shortbow
 F - a cursed +5 spear
 I - a +0 war axe
 J - a +0 long sword
 L - a +0 falchion
Missiles
 k - a throwing net (quivered)
 M - 70 arrows
Armour
 b - a +0 ring mail
 l - a +0 pair of gloves (worn)
 x - the cursed +0 pair of boots of Gupi (worn) {rN+++ Stlth-}
   (You found it on level 4 of the Dungeon)

   It renders you almost immune to negative energy.
   It makes you less stealthy.
   It has a curse placed upon it.
 y - a +0 chain mail (worn)
 D - a +0 kite shield (worn)
Jewellery
 r - a +6 ring of strength
 t - an uncursed ring of stealth
 C - an uncursed ring of protection from cold
 P - an uncursed ring of fire {unknown}
Wands
 w - a wand of paralysis (10)
 B - a wand of disintegration (13)
 O - a wand of polymorph (11)
 R - a wand of iceblast (7)
Scrolls
 h - 2 scrolls of fear
 i - a scroll of noise
 j - 2 scrolls of amnesia
 q - a scroll of magic mapping
 v - a scroll of random uselessness
 z - 2 scrolls of teleportation
 G - a scroll of remove curse
 K - a scroll of enchant weapon {unknown}
 Q - a scroll of vulnerability {unknown}
Potions
 d - a potion of heal wounds {unknown}
 e - 2 potions of curing {unknown}
 f - a potion of degeneration {unknown}
 g - 3 potions of flight
 m - 2 potions of invisibility {unknown}
 n - 3 potions of magic {unknown}
 p - 2 potions of mutation {unknown}
 s - 3 potions of stabbing
 u - a potion of might {unknown}
 E - a potion of ambrosia {unknown}
 H - a potion of brilliance {unknown}
 S - a potion of lignification {unknown}
Comestibles
 c - 11 rations
 N - 2 chunks of flesh


   Skills:
 + Level 7.5 Fighting
 * Level 11.4 Long Blades
 + Level 8.5 Armour
 + Level 5.3 Dodging
 + Level 1.6 Stealth
 + Level 5.4 Shields


You had 9 spell levels left.
You didn't know any spells.
Your spell library was empty.

Dungeon Overview and Level Annotations

Branches:
Dungeon (9/15)             Temple (0/1) D:4            Lair (0/6) D:9
    Orc: D:9-12

Altars:
Ashenzari
Dithmenos
Fedhas
Hepliaklqana
Kikubaaqudgha
Okawaru
Qazlal
Sif Muna
Wu Jian
Xom

Shops:
D:4 (   D:5 *   D:7 (

Annotations:
D:9 exclusion: orange crystal statue


Innate Abilities, Weirdness & Mutations

You reflexively headbutt those who attack you in melee.
You have a pair of horns on your head.


Message History

The manticore flicks its tail.
The volley of spikes hits you.
The barbed spikes become lodged in your body.
The two-headed ogre hits you with a +0 giant club.
The two-headed ogre hits you but does no damage.
The barbed spikes dig painfully into your body as you move.
The kobold throws a poisoned dart.
You block the poisoned dart.
You see here a poisoned dart.
The barbed spikes dig painfully into your body as you move.
* * * LOW HITPOINT WARNING * * *
The manticore flicks its tail.
The volley of spikes hits you!
The barbed spikes become lodged in your body.
* * * LOW HITPOINT WARNING * * *
There is a stone staircase leading up, spattered with blood here.
The kobold throws a poisoned dart.
The poisoned dart closely misses you.
The two-headed ogre hits you with a +0 giant club!
* * * LOW HITPOINT WARNING * * *
The two-headed ogre hits you with a +0 giant club!
You die...

# ## #. .# #.##
#.#K#### ...#..# .
.......##.#..... ..#
##.#..... ......#
....###.H#K##.##.#....#
.........##..@.......
#.##...##.K.O....#..
#.?%...##.H...(.....
.##..?.K.KH...........
...........#...........
...#...................
............#..........
..#................#...
...........#...........


You could see a two-headed ogre, a manticore, a hippogriff and 3 kobolds.

Vanquished Creatures
  A centaur warrior (D:9)
  A hornet (D:6)
  A hippogriff (D:8)
  Eustachio (D:5)
  2 hungry ghosts (D:7)
  2 orc warriors
  2 sky beasts
  An ogre (D:8)
  2 centaurs (D:8)
  7 bullfrogs
  A gnoll sergeant (D:9)
  4 scorpions
  4 killer bees (D:9)
  5 wights (D:6)
  4 howler monkeys
  4 crimson imps
  A bullfrog zombie (D:5)
  A centaur skeleton (D:6)
  An orc wizard (D:4)
  A gnoll shaman (D:8)
  2 bullfrog skeletons
  3 worker ants
  Robin (D:2)
  A worker ant zombie (D:5)
  6 adders
  7 gnolls
  An ooze (D:2)
  An adder zombie (D:6)
  3 worms
  3 dart slugs
  3 leopard geckos
  14 orcs
  6 giant cockroaches
  15 goblins
  8 hobgoblins
  8 jackals
  6 kobolds
  4 quokkas
  6 bats
  3 frilled lizards (D:2)
  6 rats
153 creatures vanquished.

Notes
Turn   | Place    | Note
-------+----------+-------------------------------------------
     0 | D:1      | hehateme the Minotaur Berserker began the quest for the
                  | Orb.
     0 | D:1      | Reached XP level 1. HP: 19/19 MP: 0/0
   308 | D:1      | Reached XP level 2. HP: 27/27 MP: 1/1
   315 | D:1      | Reached skill level 4 in Long Blades
   646 | D:1      | Reached ** piety under Trog
  1007 | D:2      | Found an ornate altar of the Wu Jian Council.
  1011 | D:2      | Reached XP level 3. HP: 32/33 MP: 2/2
  1314 | D:2      | Reached XP level 4. HP: 18/41 MP: 3/3
  1684 | D:2      | Found a blossoming altar of Fedhas.
  1684 | D:2      | Found a shattered altar of Ashenzari.
  1685 | D:2      | Found an ancient bone altar of Kikubaaqudgha.
  1880 | D:2      | Noticed Robin
  1905 | D:2      | Killed Robin
  1905 | D:2      | Reached skill level 5 in Long Blades
  1909 | D:2      | Reached skill level 5 in Fighting
  2573 | D:3      | Reached *** piety under Trog
  2947 | D:3      | Found a stormy altar of Qazlal.
  3044 | D:4      | Found a staircase to the Ecumenical Temple.
  3058 | D:4      | Got a pair of ichor-stained boots
  3072 | D:4      | Reached XP level 5. HP: 22/48 MP: 4/4
  3417 | D:4      | Found Povuf's Antique Weapon Emporium.
  3448 | D:4      | Found a hazy altar of Hepliaklqana.
  3550 | D:4      | Identified the cursed +0 pair of boots of Gupi {rN+++
                  | Stlth-} (You found it on level 4 of the Dungeon)
  3645 | D:4      | Noticed a sky beast
  3673 | D:4      | Killed a sky beast
  3673 | D:4      | Reached skill level 6 in Long Blades
  3673 | D:4      | Reached skill level 1 in Stealth
  3673 | D:4      | Reached XP level 6. HP: 49/56 MP: 5/5
  3914 | D:4      | Found an iron altar of Okawaru.
  4013 | D:5      | Entered Level 5 of the Dungeon
  4151 | D:5      | Noticed Eustachio
  4193 | D:5      | Killed Eustachio
  4193 | D:5      | Reached skill level 7 in Long Blades
  4193 | D:5      | Reached XP level 7. HP: 43/62 MP: 6/6
  4640 | D:5      | Found an iron altar of Okawaru.
  4775 | D:5      | Found Jeepnid's Assorted Antiques.
  4818 | D:5      | Bought a scroll of identify for 60 gold pieces
  4827 | D:5      | Bought a kite shield for 135 gold pieces
  5243 | D:6      | Noticed a hornet
  5252 | D:6      | Killed a hornet
  5252 | D:6      | Reached skill level 8 in Long Blades
  5591 | D:6      | Reached skill level 5 in Armour
  5591 | D:6      | Reached XP level 8. HP: 63/70 MP: 7/7
  5614 | D:6      | Found a shadowy altar of Dithmenos.
  5662 | D:6      | Reached skill level 1 in Shields
  5770 | D:6      | Reached skill level 9 in Long Blades
  5809 | D:6      | Found a shimmering blue altar of Sif Muna.
  6360 | D:7      | Found Nozodadd's Weapon Boutique.
  6865 | D:7      | Reached skill level 5 in Dodging
  6932 | D:7      | Reached XP level 9. HP: 76/78 MP: 8/8
  7383 | D:8      | Reached **** piety under Trog
  7519 | D:8      | Reached skill level 10 in Long Blades
  7571 | D:8      | Found a shimmering altar of Xom.
  8125 | D:9      | Found a staircase to the Lair.
  8308 | D:9      | Noticed an orange crystal statue
  8326 | D:9      | Noticed a centaur warrior
  8342 | D:9      | Killed a centaur warrior
  8342 | D:9      | Reached skill level 11 in Long Blades
  8342 | D:9      | Reached skill level 5 in Shields
  8432 | D:9      | Reached XP level 10. HP: 52/86 MP: 9/9
  8831 | D:9      | You fall into a shaft and drop 3 floors!
  8843 | D:12     | Noticed a manticore
  8847 | D:12     | Noticed a two-headed ogre
  8857 | D:12     | HP: 1/86 [two-headed ogre/+0 giant club (15)]
  8857 | D:12     | Mangled by a two-headed ogre

Illustrated notes

Levels and vault maps discovered:
D:1:      minmay_arrival_four_circles, layout_rooms
D:2:      layout_basic, nicolae_overflow_crystal_walls,
          gammafunk_temple_overflow_claw, serial_glass, glass_columns_a,
          glass_columns_b, feat_on_display, minmay_strange_pillars, uniq_robin
D:3:      layout_loops_ring, marbit_many_paths
D:4:      layout_cave_pools, lemuel_crystal_altar, minmay_temple_entry_ruins,
          serial_shops, nicolae_shop_competitors_out_of_business, first_ration,
          okawaru_gym_becter
D:5:      layout_loops_ring, old_standard_altar, serial_shops, shop,
          uniq_eustachio
D:6:      layout_loops_ring, nicolae_dithmenos_the_darkroom,
          lemuel_doored_altar, lightli_ossuary_entry_decrepit_ruins
D:7:      layout_basic, serial_shops, nicolae_shop_statue_plus,
          grunt_ministairs_15
D:8:      layout_rooms, overflow_temple_1_default, kennysheep_little_box,
          the_bakery, minivault_5
D:9:      layout_roguey, overflow_temple_1_default, lair_entry_dummy,
          david_orc_4, minmay_protected_statue
D:12:     minmay_guarded_unrand_guard, layout_rooms

Skill      XL: |  1  2  3  4  5  6  7  8  9 |
---------------+----------------------------+-----
Long Blades    | 4 5 6 7 8 9 11 | 11.4
Fighting       | 4 5 6 7 |  7.5
Dodging        | 3 4 5 |  5.3
Armour         | 3 5 6 8 |  8.5
Stealth        | 1 |  1.6
Shields        | 3 5 |  5.4

Action                   |  1- 3 |  4- 6 |  7- 9 | 10-12 || total
-------------------------+-------+-------+-------+-------++-------
Melee: Falchion          |    67 |   144 |   363 |     8 ||   582
       Headbutt          |    14 |    31 |    73 |     2 ||   120
Invok: Berserk           |     1 |     2 |     5 |       ||     8
       Trog's Hand       |       |       |     1 |       ||     1
  Use: Scroll            |       |     6 |     8 |       ||    14
  Eat: Ration            |     1 |       |     8 |       ||     9
       Chunk             |       |     8 |    11 |       ||    19
Armor: Animal skin       |     6 |     7 |       |       ||    13
       Leather armour    |       |     7 |       |       ||     7
       Chain mail        |       |    65 |   159 |     4 ||   228
Dodge: Dodged            |    45 |   117 |    93 |     5 ||   260
Block: Kite shield       |       |       |   152 |     5 ||   157
       Rpst.: Falchion   |    11 |    31 |    21 |       ||    63
